 Seeded DCSS version 0.28.0-43-g3370ac3207 (webtiles) character file.

Game seed: 6601614366140043139 (custom seed)

2408 oldmanjim the Spear-Bearer (level 9, -3/68 HPs)
             Began as a Merfolk Monk on Mar 26, 2022.
             Was a Priest of Okawaru.
             Slain by a boulder beetle (30 damage)
             ... on level 7 of the Dungeon on Mar 27, 2022.
             The game lasted 00:56:35 (8256 turns).

oldmanjim the Spear-Bearer (Merfolk Monk)           Turns: 8256, Time: 00:56:36

Health: -3/68      AC: 17    Str: 21    XL:     9   Next: 47%
Magic:  11/11      EV: 10    Int: 12    God:    Okawaru [***...]
Gold:   422        SH:  0    Dex: 17    Spells: 8/8 levels left

rFire   + + .      SeeInvis .   a - +10 glaive "Fuupn" {vorpal, *Rage rF++ Stlth+}
rCold   . . .      Faith    .   (shield currently unavailable)
rNeg    . . .      Spirit   .   j - +6 chain mail of the Teacher {Int+3}
rPois   +          Reflect  .   (no helmet)
rElec   .          Harm     .   g - +0 cloak
rCorr   .          Rampage  .   h - +0 pair of gloves
Will    .....      Rage     20% x - +0 pair of boots
Stlth   +.........              (no amulet)
HPRegen 0.21/turn               c - ring of poison resistance
MPRegen 0.12/turn               z - +6 ring of strength

@: no status effects
A: (nimble swimmer 2), mertail
a: Renounce Religion, Heroism


You were on level 7 of the Dungeon.
You worshipped Okawaru.
Okawaru was most pleased with you.
You visited 1 branch of the dungeon, and saw 7 of its levels.

You collected 422 gold pieces.

Inventory:

Hand Weapons
 a - the +10 glaive "Fuupn" (weapon) {vorpal, *Rage rF++ Stlth+}
   (You took it off a hobgoblin on level 4 of the Dungeon)

   It inflicts extra damage upon your enemies.
   rF:        It greatly protects you from fire.
   *Rage:     It berserks you when you make melee attacks (+20% chance).
   Stlth:     It makes you more stealthy.
 M - a +3 spear of venom
Missiles
 l - 233 stones
 o - 7 boomerangs (quivered)
 D - 7 poisoned darts
 F - 4 throwing nets
Armour
 g - a +0 cloak (worn)
 h - a +0 pair of gloves (worn)
 j - the +6 chain mail of the Teacher (worn) {Int+3}
   (You found it on level 2 of the Dungeon)

   Int:       It affects your intelligence (+3).
 x - a +0 pair of boots (worn)
Jewellery
 c - a ring of poison resistance (left hand)
 s - a ring of protection from fire
 z - a +6 ring of strength (right hand)
Wands
 b - a wand of acid (8)
 n - a wand of charming (9)
 H - a wand of flame (14)
Scrolls
 e - a scroll of summoning {unknown}
 f - 3 scrolls of teleportation
 i - a scroll of silence
 q - a scroll of fog
 t - a scroll of enchant weapon
 u - a scroll of blinking
 v - a scroll of holy word {unknown}
 C - a scroll of noise {unknown}
 K - a scroll of brand weapon {unknown}
Potions
 d - a potion of brilliance {unknown}
 m - 2 potions of degeneration {unknown}
 p - 3 potions of resistance
 r - 2 potions of lignification {unknown}
 w - a potion of attraction {unknown}
 A - 4 potions of curing
 B - 2 potions of flight {unknown}
 G - a potion of cancellation {unknown}
 I - 3 potions of ambrosia {unknown}
 J - a potion of haste {unknown}
 L - a potion of berserk rage {unknown}


   Skills:
 - Level 5.0 Fighting
 + Level 13.8 Polearms
 - Level 2.0 Armour
 - Level 6.0 Dodging
 - Level 4.0 Stealth
 - Level 3.0 Invocations
 - Level 4.0 Evocations


You had 8 spell levels left.
You didn't know any spells.
Your spell library contained the following spells:

 Spells                   Type           Power      Damage    Failure   Level
 Gell's Gravitas          Tloc           0%         N/A       100%        3
 Lesser Beckoning         Tloc           0%         N/A       100%        3
 Teleport Other           Tloc           0%         N/A       100%        3


Dungeon Overview and Level Annotations

Branches:
Dungeon (7/15)             Temple (0/1) D:7

Altars:
Gozag
Hepliaklqana
Makhleb
Okawaru
Qazlal
Trog
Uskayaw
Vehumet
Yredelemnul
The Shining One

Shops:
D:1 =   D:3 (

Annotations:
D:5 1 runed translucent door, exclusion: door, 0gre's ghost, novice GnIE


Innate Abilities, Weirdness & Mutations

((You are very nimble when in or above water. (Stealth+, EV+, Speed+++)))
Your lower body shifts to a powerful aquatic tail in water.


Message History

The centaur zombie is almost destroyed.
The centaur zombie hits you but does no damage.
The centaur zombie kicks you but does no damage.
The centaur zombie hits you but does no damage.
The centaur zombie kicks you but does no damage.
You slice the centaur zombie!!
You destroy the centaur zombie!
Okawaru accepts your kill.
You see here a +0 leather armour.
You open the door.
The boulder beetle curls into a ball and begins rolling!
A boulder beetle is nearby!
Throw: 8 boomerangs
Press: ? - help, Q - select action, (/) - cycle Shift-Dir - straight line, f - boulder beetle
Aim: a boulder beetle (rolling, 90% to hit)
You throw a boomerang. The boomerang hits the boulder beetle.
The boulder beetle is lightly wounded.
Throw: 7 boomerangs
Press: ? - help, Q - select action, (/) - cycle Shift-Dir - straight line, f/p - boulder beetle
Aim: a boulder beetle (lightly wounded, rolling, 90% to hit)
You throw a boomerang.
The boomerang hits the boulder beetle but does no damage.
The boulder beetle is lightly wounded.
Throw: 7 boomerangs
Press: ? - help, Q - select action, (/) - cycle Shift-Dir - straight line, f/p - boulder beetle
Aim: a boulder beetle (lightly wounded, rolling, 90% to hit)
You throw a boomerang.
The boomerang hits the boulder beetle but does no damage.
The boulder beetle is lightly wounded.
The boulder beetle hits you!!
Ouch! That really hurt!
The boulder beetle stops rolling and uncurls.
You are too injured to fight recklessly!
The boulder beetle waves its antennae.
The boulder beetle curls into a ball and begins rolling!
The boulder beetle hits you!
The boulder beetle stops rolling and uncurls.
The boulder beetle curls into a ball and begins rolling!
The boulder beetle hits you!!
You die...

##..°####.........####....
#.°## ##.......## #..## #.##
##.....## #.## ##.# ##...##
#.# #####..### ##+# #.#
#.......(# #####.## #.#
#.###.##.####......# #.#
#)##.##.....#..# #.#
#.##.##.B@...(.## #.#
#>...°°○........######.###
####.#....................
#.######.#......#..###########
#........#.##......#
##########.##......#
#.######.## #........#
#############.#


You could see a boulder beetle (rolling).

Vanquished Creatures
  Sigmund (D:2)
  A water moccasin (D:7)
  An ice beast (D:6)
  A black bear (D:4)
  A necrophage (D:6)
  3 sky beasts
  2 ogres
  A phantom (D:6)
  3 scorpions
  3 wights (D:6)
  A jelly (D:4)
  2 centaur zombies
  3 bullfrog zombies
  3 hounds
  2 centaur skeletons
  A bullfrog skeleton (D:6)
  2 gnoll shamans (D:6)
  6 iguanas
  2 orc wizards
  A killer bee zombie (D:6)
  A hound skeleton (D:4)
  18 gnolls
  8 adders
  An ufetubus (D:6)
  An adder skeleton (D:4)
  3 worms
  4 dart slugs
  12 orcs
  6 ball pythons
  4 endoplasms
  3 giant cockroaches
  14 goblins
  11 hobgoblins
  10 jackals
  19 kobolds
  4 quokkas
  4 bats
  2 frilled lizards
  2 rats
  A spectral hobgoblin (D:1)
168 creatures vanquished.

Vanquished Creatures (others)
  2 withered plants (D:5)
2 creatures vanquished.

Grand Total: 170 creatures vanquished

Notes
Turn   | Place    | Note
-------+----------+-------------------------------------------
     0 | D:1      | oldmanjim the Merfolk Monk began the quest for the Orb.
     0 | D:1      | Reached XP level 1. HP: 18/18 MP: 1/1
   404 | D:1      | Reached XP level 2. HP: 13/24 MP: 2/2
   980 | D:1      | Found a faded altar of an unknown god.
  1007 | D:1      | Reached XP level 3. HP: 30/30 MP: 3/3
  1144 | D:1      | Reached skill level 5 in Polearms
  1484 | D:1      | Found Lazebb's Jewellery Shoppe.
  1817 | D:2      | Noticed Sigmund
  2134 | D:2      | Identified the +6 chain mail of the Teacher {Int+3}
  2220 | D:2      | Reached XP level 4. HP: 37/37 MP: 4/4
  2683 | D:2      | Killed Sigmund
  2684 | D:2      | Reached skill level 6 in Polearms
  2684 | D:2      | Reached XP level 5. HP: 16/43 MP: 5/5
  2684 | D:2      | Reached XP level 6. HP: 18/49 MP: 6/6
  3442 | D:3      | Reached skill level 5 in Dodging
  3507 | D:3      | Found a glowing golden altar of the Shining One.
  3617 | D:3      | Reached skill level 7 in Polearms
  3847 | D:3      | Found Geguaf's Antique Weapon Shoppe.
  3923 | D:3      | Identified the +0 scale mail "Ahukexih" {-Tele Rampage
                  | rElec}
  4106 | D:4      | Reached skill level 5 in Fighting
  4335 | D:4      | Noticed a black bear
  4410 | D:4      | Identified the +10 glaive "Fuupn" {vorpal, *Rage rF++
                  | Stlth+}
  4670 | D:3      | Reached XP level 7. HP: 49/56 MP: 7/7
  5066 | D:4      | Reached skill level 1 in Evocations
  5071 | D:4      | Reached skill level 8 in Polearms
  5538 | D:5      | Entered Level 5 of the Dungeon
  5544 | D:5      | Reached skill level 9 in Polearms
  5702 | D:5      | Reached XP level 8. HP: 62/62 MP: 8/8
  6001 | D:5      | Found a runed translucent door.
  6001 | D:5      | Noticed 0gre's ghost (novice GnIE)
  6184 | D:5      | Reached skill level 10 in Polearms
  6395 | D:5      | Found an iron altar of Okawaru.
  6395 | D:5      | Found a bloodstained altar of Trog.
  6406 | D:5      | Became a worshipper of Warmaster Okawaru
  6406 | D:5      | Reached * piety under Okawaru
  6406 | D:5      | Reached ** piety under Okawaru
  6668 | D:6      | Found a burning altar of Makhleb.
  6686 | D:6      | Reached skill level 1 in Armour
  6793 | D:6      | Reached skill level 11 in Polearms
  6928 | D:6      | Reached skill level 12 in Polearms
  6996 | D:6      | Reached skill level 1 in Invocations
  6996 | D:6      | Reached XP level 9. HP: 65/68 MP: 9/9
  7235 | D:6      | Reached *** piety under Okawaru
  7305 | D:6      | Found a stormy altar of Qazlal.
  7307 | D:6      | Found a hide-covered altar of Uskayaw.
  7308 | D:6      | Found a basalt altar of Yredelemnul.
  7308 | D:6      | Found a hazy altar of Hepliaklqana.
  7377 | D:6      | Found an opulent altar of Gozag.
  7603 | D:7      | Found a radiant altar of Vehumet.
  7679 | D:7      | Noticed a boulder beetle
  7992 | D:7      | Found a staircase to the Ecumenical Temple.
  8057 | D:7      | Reached skill level 13 in Polearms
  8256 | D:7      | Slain by a boulder beetle

Illustrated notes

Levels and vault maps discovered:
D:1:      erik_arrival_cave_to_civilisation [erik_arrival_cave_to_temple],
          layout_basic, dreamdust_ecumenical_altar_drowned_temple, serial_shops,
          nicolae_shop_competitors_out_of_business, chequers_avenue
D:2:      layout_loops_corners, kennysheep_generic_room_6, uniq_sigmund
D:3:      layout_rooms, mainiacjoe_overflow_catwalk, serial_shops, shop
D:4:      corexii_shantytown, layout_basic
D:5:      layout_basic, grunt_temple_overflow_bloody_war, gammafunk_ghost_grave
D:6:      layout_rooms, nicolae_gozag_seed_capital, kennysheep_mini,
          grunt_temple_overflow_open
D:7:      layout_loops_corners, doesnt_xom_only_xom, nicolae_vehumet_radiance,
          minmay_temple_entry_statues_fountains

Skill      XL: |  1  2  3  4  5  6  7  8  9 |
---------------+----------------------------+-----
Fighting       | 4 5 |  5.0
Polearms       | 5 6 7 9 12 13 | 13.8
Stealth        | 3 4 |  4.0
Dodging        | 5 6 |  6.0
Evocations     | 3 4 |  4.0
Armour         | 2 |  2.0
Invocations    | 1 3 |  3.0

Action                   |  1- 3 |  4- 6 |  7- 9 || total
-------------------------+-------+-------+-------++-------
Melee: Spear             |   163 |   249 |     1 ||   413
       Punch             |       |     2 |       ||     2
       Glaive            |       |       |   203 ||   203
 Fire: Hunting sling     |       |     2 |     3 ||     5
Throw: Boomerang         |       |       |     3 ||     3
  Use: Scroll            |       |     1 |     6 ||     7
 Stab: Sleeping          |     9 |       |       ||     9
       Distracted        |       |     1 |       ||     1
Armor: Robe              |     3 |       |       ||     3
       Ring mail         |    13 |       |       ||    13
       Chain mail        |     3 |   130 |    77 ||   210
Dodge: Dodged            |    78 |    66 |    78 ||   222
